 Dungeon Crawl Stone Soup version 0.27.1-35-g4d5d836560 (webtiles) character file.

Game seed: 8153347225359813495

532 CrazyMind the Sneak (level 7, -2/43 HPs)
             Began as an Octopode Earth Elementalist on July 9, 2022.
             Slain by a centaur (4 damage)
             ... on level 5 of the Dungeon.
             The game lasted 00:16:58 (5741 turns).

CrazyMind the Sneak (Octopode Earth Elementalist)   Turns: 5741, Time: 00:16:59

Health: -2/43      AC:  1    Str:  7    XL:     7   Next: 24%
Magic:  10/12      EV: 13    Int: 20    God:
Gold:   194        SH:  0    Dex: 12    Spells: 7/13 levels left

rFire    + . .     SeeInvis .   i - +1 dagger (venom)
rCold    + . .     Faith    .   (no shield)
rNeg     . . .     Spirit   .   (helmet restricted)
rPois    +         Reflect  .   (no amulet)
rElec    +         Harm     .   o - ring of flight
rCorr    +         Rampage  .   (no ring)
Will     .....                  (no ring)
Stlth    ++++......             (no ring)
HPRegen  0.14/turn              (no ring)
MPRegen  0.13/turn              (no ring)
                                (no ring)
                                (no ring)

@: resistant, flying
A: almost no armour, amphibious, 8 rings, camouflage 1, gelatinous body 1,
(nimble swimmer 1), tentacles
a: no special abilities


You were on level 5 of the Dungeon.
You visited 1 branch of the dungeon, and saw 5 of its levels.

You collected 194 gold pieces.

Inventory:

Hand Weapons
 d - a +0 dagger
 i - a +1 dagger of venom (weapon)
 l - a +1 dagger of speed
Missiles
 b - 107 stones
 s - a throwing net
 u - 11 poisoned darts
Armour
 c - a +0 tower shield
Magical Staves
 f - a staff of conjuration
Jewellery
 o - a ring of flight (left tentacle)
Scrolls
 a - 9 scrolls of identify {unknown}
 e - a scroll of blinking {unknown}
 g - a scroll of vulnerability {unknown}
 j - a scroll of acquirement {unknown}
 k - a scroll of enchant weapon {unknown}
 n - a scroll of fear {unknown}
 q - 3 scrolls of teleportation {unknown}
 t - a scroll of magic mapping {unknown}
Potions
 h - a potion of resistance
 m - a potion of attraction {unknown}
 p - a potion of flight {unknown}
 r - a potion of might {unknown}


   Skills:
 + Level 1.3 Fighting
 + Level 2.3 Dodging
 + Level 5.7 Stealth
 * Level 3.7 Spellcasting
 * Level 2.5 Conjurations
 - Level 1.0 Transmutations
 * Level 5.1 Earth Magic


You had 7 spell levels left.
You knew the following spells:

 Your Spells              Type           Power      Damage    Failure   Level
a - Sandblast             Erth           48%        2d12      1%          1
b - Passwall              Tmut/Erth      12%        N/A       6%          2
c - Stone Arrow           Conj/Erth      36%        3d9       9%          3

Your spell library contained the following spells:

 Spells                   Type           Power      Damage    Failure   Level
 Animate Skeleton         Necr           6%         N/A       13%         1
 Pain                     Necr           12%        1d4       13%         1
 Call Imp                 Summ           3%         N/A       21%         2
 Ozocubu's Armour         Ice            3%         N/A       36%         3
 Vampiric Draining        Necr           1%         2d6       36%         3
 Petrify                  Tmut/Erth      15%        N/A       36%         4
 Hailstorm                Conj/Ice       8%         3d4       61%         4
 Malign Gateway           Summ/Tloc      1%         N/A       100%        7


Dungeon Overview and Level Annotations

Branches:
Dungeon (5/15)
 Temple: D:4-7

Altars:
Nemelex Xobeh
Xom
Yredelemnul

Annotations:
D:5 exclusions: adder and ice beast


Innate Abilities, Weirdness & Mutations

You cannot wear most types of armour.
You are amphibious.
You can wear up to eight rings at the same time.
Your skin changes colour to match your surroundings (Stealth+).
Your rubbery body absorbs attacks. (AC +1, EV +1)
((You are camouflaged near water. (Stealth+)))
You have tentacles for arms and can constrict up to eight enemies at once.


Message History

You hear a shout!
The centaur shoots an arrow.
The arrow closely misses you.
You barely miss the centaur.
The centaur unwields a +0 shortbow.
The centaur hits you.
The centaur kicks you but does no damage.
You hit the centaur but do no damage.
The centaur is poisoned.
The centaur misses you. The centaur kicks you.
Press: ? - help, v - describe, . - travel
Here: a centaur, quivering arrows (very poisoned)
The floor.
Unknown command.
Casting: Sandblast (safe; 1% risk of failure)
Confirm with . or Enter, or press ? or * to list all spells.
Aiming: Sandblast (safe; 1% risk of failure)
Press: ? - help, Shift-Dir - straight line, f - centaur
Aim: a centaur, quivering arrows (very poisoned, 88% to hit)
The blast of sand hits the centaur!
The centaur is heavily wounded.
The centaur hits you.
* * * LOW HITPOINT WARNING * * *
The centaur barely misses you.
A scorpion comes into view.
The centaur hits you but does no damage.
The centaur kicks you.
* * * LOW HITPOINT WARNING * * *
Casting: Sandblast (safe; 1% risk of failure)
Confirm with . or Enter, or press ? or * to list all spells.
Aiming: Sandblast (safe; 1% risk of failure)
Press: ? - help, Shift-Dir - straight line, f/p - centaur
Aim: a centaur, quivering arrows (heavily wounded, very poisoned, 88% to hit)
The blast of sand hits the centaur.
The centaur is severely wounded.
The centaur misses you. The centaur barely misses you. The white imp hits you.
* * * LOW HITPOINT WARNING * * *
The white imp freezes you.
* * * LOW HITPOINT WARNING * * *
It was a potion of resistance.
You feel protected. The centaur hits you.
You die...

### ####.## ########
##.....#####.......
#......#...........
#c@.(..............
.[....5.................
.................#'''#..
...............).#...#..
.................#≈.≈#..
.................#≈.≈#..
.....s...........#≈.≈#..
.................#≈.≈#
..........#≈.≈#


You could see a centaur (poisoned), a scorpion and a white imp.

Vanquished Creatures
  Eustachio (D:5)
  A centaur (D:4)
  A water moccasin zombie (D:5)
  2 hounds
  2 jellies
  A centaur skeleton (D:4)
  3 adders
  2 worms
  A dart slug (D:1)
  12 orcs
  7 ball pythons
  8 endoplasms
  5 giant cockroaches
  2 goblins (D:1)
  5 hobgoblins
  3 jackals (D:2)
  2 quokkas
  5 bats
  A frilled lizard (D:3)
  9 kobolds
  4 rats
77 creatures vanquished.

Notes
Turn   | Place    | Note
-------+----------+-------------------------------------------
     0 | D:1      | CrazyMind the Octopode Earth Elementalist began the quest
                  | for the Orb.
     0 | D:1      | Reached XP level 1. HP: 11/11 MP: 3/3
   642 | D:1      | Reached XP level 2. HP: 14/17 MP: 5/5
   649 | D:1      | Learned a level 2 spell: Passwall
  1592 | D:1      | Reached XP level 3. HP: 21/21 MP: 6/6
  1621 | D:1      | Learned a level 3 spell: Stone Arrow
  1991 | D:2      | Reached skill level 1 in Conjurations
  2271 | D:2      | Found a faded altar of an unknown god.
  2634 | D:2      | Reached XP level 4. HP: 27/27 MP: 7/7
  3447 | D:3      | Reached XP level 5. HP: 32/32 MP: 8/8
  3512 | D:3      | Found a basalt altar of Yredelemnul.
  3704 | D:3      | Got the Papyrus of Supportive Snow
  4090 | D:4      | Reached skill level 1 in Fighting
  4514 | D:4      | Noticed a centaur
  4719 | D:5      | Entered Level 5 of the Dungeon
  4791 | D:5      | Noticed an ice beast
  4875 | D:5      | Reached XP level 6. HP: 38/38 MP: 7/10
  4953 | D:5      | Found a sparkling altar of Nemelex Xobeh.
  5057 | D:5      | Found a hazy altar of Hepliaklqana.
  5057 | D:5      | Noticed Eustachio
  5085 | D:5      | Killed Eustachio
  5086 | D:5      | Reached skill level 5 in Stealth
  5129 | D:4      | Reached XP level 7. HP: 41/43 MP: 8/12
  5330 | D:5      | Found a blossoming altar of Fedhas.
  5330 | D:5      | Found an iron altar of Okawaru.
  5332 | D:5      | Found an ancient bone altar of Kikubaaqudgha.
  5332 | D:5      | Found a shimmering altar of Xom.
  5332 | D:5      | Found a bloodstained altar of Trog.
  5399 | D:5      | Reached skill level 5 in Earth Magic
  5740 | D:5      | HP: 2/43 [white imp (5)]
  5741 | D:5      | Slain by a centaur

Illustrated notes

Levels and vault maps discovered:
D:1:      lightli_arrival_windingriver, layout_loops_ring, grunt_decor_fettered,
          roderic_lattice_a
D:2:      layout_loops_corners, hellmonk_ecumenical_altar_pennies_from_heaven,
          hangedman_abyss_or_decor_lesser_grid
D:3:      layout_loops_ring, nicolae_overflow_hidden_temple
D:4:      layout_gridville
D:5:      layout_cave_pods, nemelex_spade_bored_becter, doesnt_xom_only_xom,
          kennysheep_cross_bottleneck, uniq_eustachio

Skill      XL: |  1  2  3  4  5  6  7 |
---------------+----------------------+-----
Stealth        | 3 4 5 |  5.7
Conjurations   | 1 2 |  2.5
Earth Magic    | 4 5 |  5.1
Fighting       | 1 |  1.3
Spellcasting   | 3 |  3.7
Dodging        | |  2.3
Transmutations | |  1.0

Action                   |  1- 3 |  4- 6 |  7- 9 || total
-------------------------+-------+-------+-------++-------
Melee: Unarmed           |    13 |       |       ||    13
       Short sword       |     5 |       |       ||     5
       Tentacles         |    14 |    10 |       ||    24
       Constrict         |    18 |    11 |     1 ||    30
       Dagger            |    60 |    47 |     4 ||   111
 Cast: Sandblast         |    16 |    17 |     7 ||    40
       Passwall          |       |     1 |       ||     1
  Use: Potion            |       |       |     1 ||     1
 Stab: Sleeping          |    15 |    11 |     1 ||    27
       Distracted        |       |     1 |       ||     1
Armor: Skin              |     7 |     1 |     2 ||    10
Dodge: Dodged            |    42 |    31 |    10 ||    83
